 Dungeon Crawl Stone Soup version 0.27.1-1-g398f81649c (webtiles) character file.

Game seed: 3834432604101658911

266 acemry the Sneak (level 6, -6/38 HPs)
             Began as an Octopode Transmuter on Sept 9, 2021.
             Mangled by an orc (9 damage)
             ... on level 3 of the Dungeon.
             The game lasted 00:05:11 (3536 turns).

acemry the Sneak (Octopode Transmuter)              Turns: 3536, Time: 00:05:12

Health: -6/38      AC:  1    Str:  9    XL:     6   Next: 20%
Magic:  9/9        EV: 13    Int: 24    God:
Gold:   30         SH:  0    Dex: 12    Spells: 1/9 levels left

rFire    . . .     SeeInvis .   a - +0 short sword
rCold    . . .     Faith    .   (no shield)
rNeg     . . .     Spirit   .   (helmet restricted)
rPois    .         Reflect  .   (no amulet)
rElec    .         Harm     .   f - ring of wizardry
rCorr    .         Rampage  .   g - +6 ring of intelligence
Will     .....                  (no ring)
Stlth    ++++......             (no ring)
HPRegen  0.12/turn              (no ring)
MPRegen  0.11/turn              (no ring)
                                (no ring)
                                (no ring)

@: no status effects
A: almost no armour, amphibious, 8 rings, camouflage 1, gelatinous body 1,
(nimble swimmer 1), tentacles
a: no special abilities


You were on level 3 of the Dungeon.
You visited 1 branch of the dungeon, and saw 3 of its levels.

You collected 30 gold pieces.

Inventory:

Hand Weapons
 a - a +0 short sword (weapon)
Missiles
 e - 2 throwing nets
Jewellery
 f - a ring of wizardry (left tentacle)
 g - a +6 ring of intelligence (right tentacle)
 i - an amulet of regeneration
Scrolls
 b - 2 scrolls of teleportation
 d - a scroll of enchant weapon {unknown}
 h - a scroll of fog {unknown}
Potions
 c - a potion of attraction {unknown}


   Skills:
 - Level 1.0 Fighting
 - Level 2.0 Dodging
 * Level 6.0 Stealth
 - Level 3.0 Unarmed Combat
 - Level 2.0 Spellcasting
 + Level 4.3 Transmutations
 * Level 0.6 Ice Magic
 * Level 0.7 Poison Magic


You had one spell level left.
You knew the following spells:

 Your Spells              Type           Power      Damage    Failure   Level
a - Beastly Appendage     Tmut           46%        N/A       1%          1
b - Spider Form           Tmut/Pois      7%         N/A       5%          3
c - Ice Form              Ice/Tmut       14%        N/A       17%         4

Your spell library contained the following spells:

 Spells                   Type           Power      Damage    Failure   Level
 Wereblood                Tmut           23%        N/A       1%          2
 Dazzling Flash           Conj/Hex       4%         N/A       14%         3
 Gell's Gravitas          Tloc           1%         N/A       14%         3
 Lesser Beckoning         Tloc           1%         N/A       14%         3
 Teleport Other           Tloc           2%         N/A       14%         3
 Iskenderun's Mystic Bla  Conj/Tloc      2%         2d3       41%         4
 Starburst                Conj/Fire      1%         6d3       99%         6


Dungeon Overview and Level Annotations

Branches:
Dungeon (3/15)

Altars:

Annotations:
D:3 1 runed translucent door, Crazy Yiuf


Innate Abilities, Weirdness & Mutations

You cannot wear most types of armour.
You are amphibious.
You can wear up to eight rings at the same time.
Your skin changes colour to match your surroundings (Stealth+).
Your rubbery body absorbs attacks. (AC +1, EV +1)
((You are camouflaged near water. (Stealth+)))
You have tentacles for arms and can constrict up to eight enemies at once.


Message History

The gnoll is heavily wounded.
The gnoll shouts!
You hear a shout! x2
A gnoll comes into view.
It is wielding a +0 flail of holy wrath.
The gnoll misses you.
You hit the gnoll but do no damage.
The gnoll is poisoned.
The gnoll is heavily wounded.
The gnoll hits you with a +1 vorpal flail!
You hit the gnoll.
The gnoll looks as sick as possible!
The gnoll is severely wounded.
Your transformation is almost over.
You kill the gnoll!
Your Stealth skill increases to level 6!
You hit the gnoll.
The gnoll is poisoned.
The gnoll is moderately wounded.
The gnoll hits you with a +0 flail of holy wrath.
You hit the gnoll.
The gnoll is severely wounded.
The gnoll hits you with a +0 flail of holy wrath!
A gnoll comes into view. It is wielding a +0 spear.
You kill the gnoll!
Your transformation has ended.
Your +0 short sword unmelds from your body.
You see here a +0 flail.
An orc priest comes into view. It is wielding a +0 falchion.
An orc comes into view.
It is wielding a +0 war axe. 2 orcs come into view.
The orc shouts! x2; The orc priest shouts!
The orc shouts!
The orc hits you with a +0 war axe. The orc closely misses you.
The orc barely misses you.
The orc priest begins to cast a cantrip, but forgets the words!
The orc priest begins to cast a cantrip, but forgets the words!
The orc priest calls down the wrath of Beogh upon you.
Beogh smites you!
* * * LOW HITPOINT WARNING * * *
Things that are here:
a +0 trident; a +0 leather armour
There is a stone staircase leading up here.
The orc hits you with a +0 war axe!
You die...

....... #[######
#.#..... #.#.##..
##.#..#.#
#>.......
#..#....#
##########..#.####
#@o..o.oogg..[....
##########........
#.........
#.######## #.# #.#
#.# #.# #.#


You could see an orc priest and 3 orcs.

Vanquished Creatures
  A necrophage (D:2)
  An orc priest (D:3)
  5 gnolls
  4 adders
  A worm (D:3)
  2 orcs (D:3)
  6 bats
  9 endoplasms
  A giant cockroach (D:2)
  5 goblins
  6 hobgoblins
  2 jackals (D:2)
  7 kobolds
  2 quokkas
  5 ball pythons
  2 frilled lizards
  A rat (D:1)
60 creatures vanquished.

Notes
Turn   | Place    | Note
-------+----------+-------------------------------------------
     0 | D:1      | acemry the Octopode Transmuter began the quest for the Orb.
     0 | D:1      | Reached XP level 1. HP: 13/13 MP: 3/3
   269 | D:1      | Reached skill level 1 in Stealth
   429 | D:1      | Reached XP level 2. HP: 18/18 MP: 3/5
   479 | D:1      | Reached skill level 2 in Stealth
   535 | D:1      | Found a faded altar of an unknown god.
  1308 | D:1      | Reached XP level 3. HP: 21/23 MP: 6/6
  1411 | D:2      | Noticed a necrophage
  1420 | D:2      | Killed a necrophage
  1421 | D:2      | Reached skill level 4 in Stealth
  1421 | D:2      | Reached XP level 4. HP: 23/28 MP: 5/7
  1423 | D:2      | Reached XP level 5. HP: 23/33 MP: 6/8
  1799 | D:2      | Reached skill level 5 in Stealth
  2144 | D:2      | Learned a level 3 spell: Spider Form
  2178 | D:2      | Learned a level 4 spell: Ice Form
  2828 | D:3      | Found a runed translucent door.
  2829 | D:3      | Noticed Crazy Yiuf
  3103 | D:3      | Reached XP level 6. HP: 38/38 MP: 5/9
  3482 | D:3      | Reached skill level 6 in Stealth
  3536 | D:3      | Mangled by an orc

Illustrated notes

Levels and vault maps discovered:
D:1:      tarquinn_simple_flora_water_e, layout_loops_ring,
          hellmonk_ecumenical_altar_slurped_away
D:2:      layout_loops_cross, minmay_indecisive_spiral
D:3:      layout_basic, uniq_crazy_yiuf_cottage

Skill      XL: |  1  2  3  4  5  6 |
---------------+-------------------+-----
Stealth        | 1 2 4 5 6 |  6.0
Transmutations | 3 4 |  4.3
Fighting       | |  1.0
Dodging        | |  2.0
Unarmed Combat | |  3.0
Spellcasting   | |  2.0
Ice Magic      | |  0.6
Poison Magic   | |  0.7

Action                   |  1- 3 |  4- 6 || total
-------------------------+-------+-------++-------
Melee: Unarmed           |    32 |    38 ||    70
       Kick              |     7 |     4 ||    11
       Constrict         |     8 |    10 ||    18
       Short sword       |    15 |    53 ||    68
       Tentacles         |     9 |     9 ||    18
       Punch             |       |     1 ||     1
 Cast: Beastly Appendage |    13 |    11 ||    24
       Spider Form       |       |    11 ||    11
  Use: Scroll            |     3 |       ||     3
       Potion            |       |     1 ||     1
 Stab: Sleeping          |     3 |    10 ||    13
Armor: Skin              |     2 |     5 ||     7
Dodge: Dodged            |    29 |    59 ||    88
